 Dungeon Crawl Stone Soup version 0.21.1-1-g345015f (webtiles) character file.

161 buskinjo2 the Cudgeler (level 5, -2/36 HPs)
             Began as an Octopode Fighter on Mar 2, 2018.
             Slain by a black bear (7 damage)
             ... on level 3 of the Dungeon.
             The game lasted 00:02:09 (2150 turns).

buskinjo2 the Cudgeler (Octopode Fighter)           Turns: 2150, Time: 00:02:10

Health: -2/36      AC:  1    Str: 16    XL:     5   Next: 42%
Magic:  5/5        EV: 17    Int: 11    God:
Gold:   90         SH:  9    Dex: 16    Spells: 4/4 levels left

rFire    . . .     SeeInvis .   a - +0 flail
rCold    . . .     Gourm    .   b - +0 shield
rNeg     . . .     Faith    .   (helmet restricted)
rPois    .         Spirit   .   (no amulet)
rElec    .         Reflect  .   (no ring)
rCorr    .         Harm     .   (no ring)
MR       .....                  (no ring)
Stlth    +++.......             (no ring)
HPRegen  0.12/turn              (no ring)
MPRegen  0.09/turn              (no ring)
                                (no ring)
                                (no ring)

@: agile
A: almost no armour, stealthy swim, amphibious, 8 rings, constrict 8, camouflage
1, gelatinous body 1
a: no special abilities


You were on level 3 of the Dungeon.
You were not hungry.

You visited 1 branch of the dungeon, and saw 3 of its levels.

You collected 90 gold pieces.

Inventory:

Hand Weapons
 a - a +0 flail (weapon)
Missiles
 m - 6 javelins (quivered)
Armour
 b - a +0 shield (worn)
Jewellery
 f - a cursed amulet of harm {unknown}
 j - an uncursed ring of see invisible {unknown}
 n - a cursed amulet of inaccuracy {unknown}
Scrolls
 e - 5 scrolls of teleportation
Potions
 c - a potion of might
 g - a potion of degeneration {unknown}
 h - 4 potions of curing {unknown}
 i - a potion of haste {unknown}
 o - a potion of brilliance {unknown}
Comestibles
 d - 7 rations
 l - a chunk of flesh


   Skills:
 - Level 3.0 Fighting
 + Level 5.4 Maces & Flails
 - Level 3.0 Dodging
 - Level 3.0 Shields


You had 4 spell levels left.
You didn't know any spells.

Dungeon Overview and Level Annotations

Branches:
Dungeon (3/15)

Altars:
Okawaru


Innate Abilities, Weirdness & Mutations

You cannot wear most types of armour.
You are very stealthy in the water. (Stealth+)
You are amphibious.
You can wear up to eight rings at the same time.
You can use your tentacles to constrict eight enemies at once.
Your skin changes colour to match your surroundings (Stealth+).
Your rubbery body absorbs attacks. (AC +1, EV +1)


Message History

You grab the black bear. You squeeze the black bear.
The black bear is lightly wounded.
You constrict the black bear. The black bear bites you.
The black bear claws you. x2
You sock the black bear!
The black bear is heavily wounded.
You constrict the black bear. The black bear bites you.
The black bear claws you. x2; You block the black bear's attack.
The black bear claws you. x2
* * * LOW HITPOINT WARNING * * *
You hit the black bear but do no damage.
You squeeze the black bear.
The black bear is severely wounded.
You constrict the black bear, but do no damage.
You block the black bear's attack. The black bear closely misses you.
The black bear claws you.
* * * LOW HITPOINT WARNING * * *
You feel agile all of a sudden.
You constrict the black bear. The black bear bites you!
You die...

.........##..........#
####.#####
.....................#
#.#
.........##..........#
..#
......)..............##
.##
......................#
......................##
.......#..#.....>......#
.#.#.##...#..........#.<
.)[.....#.######@#####
<.......#.# #h##
...####.#.# #Sg########
##.# #...# ##........##
#.# .. ##........# #..
#.......... ##..
#.....$.... #..
#.......... #..
#.....?....


You could see a black bear, an adder and a goblin.

Vanquished Creatures
  2 orc wizards
  3 adders
  2 oozes
  A worm (D:2)
  3 dart slugs
  4 leopard geckos
  3 orcs
  5 bats
  3 giant cockroaches
  8 hobgoblins
  2 jackals (D:1)
  6 kobolds
  A quokka (D:3)
  4 frilled lizards
  3 goblins
  8 rats
58 creatures vanquished.

Notes
Turn   | Place    | Note
-------+----------+-------------------------------------------
     0 | D:1      | buskinjo2 the Octopode Fighter began the quest for the Orb.
     0 | D:1      | Reached XP level 1. HP: 16/16 MP: 1/1
    68 | D:1      | Reached XP level 2. HP: 9/21 MP: 2/2
   287 | D:1      | Reached skill level 3 in Maces & Flails
   410 | D:1      | Reached XP level 3. HP: 17/26 MP: 3/3
   954 | D:2      | Reached skill level 4 in Maces & Flails
  1185 | D:2      | Found an iron altar of Okawaru.
  1195 | D:2      | Reached XP level 4. HP: 24/31 MP: 4/4
  2012 | D:3      | Reached skill level 5 in Maces & Flails
  2012 | D:3      | Reached XP level 5. HP: 36/36 MP: 5/5
  2098 | D:3      | Found a faded altar of an unknown god.
  2136 | D:3      | Noticed a black bear
  2150 | D:3      | Slain by a black bear

Skill      XL: |  1  2  3  4 |
---------------+-------------+-----
Maces & Flails | 3 4 5 |  5.4
Fighting       | |  3.0
Dodging        | |  3.0
Shields        | |  3.0

Action                   |  1- 3 |  4- 6 || total
-------------------------+-------+-------++-------
Melee: Flail             |    60 |    48 ||   108
       Constrict         |    16 |    16 ||    32
       Tentacles         |    18 |    10 ||    28
  Use: Scroll            |       |     3 ||     3
       Potion            |       |     1 ||     1
 Stab: Sleeping          |     5 |       ||     5
  Eat: Chunk             |     1 |     3 ||     4
Armor: Skin              |     3 |     1 ||     4
Dodge: Dodged            |    20 |    25 ||    45
Block: Shield            |    20 |    20 ||    40
